 Dungeon Crawl Stone Soup version 0.20-a0-820-g557356e (console) character file.

8570 nht the Severer (level 11, -14/94 HPs)
             Began as a Hill Orc Gladiator on Mar 4, 2017.
             Was an Elder of Beogh.
             Killed by divine providence
             ... invoked by an orc priest
              (16 damage)
             ... on level 10 of the Dungeon.
             The game lasted 00:21:29 (8137 turns).

nht the Severer (Hill Orc Gladiator)                Turns: 8137, Time: 00:21:29

Health: -14/94     AC: 17    Str: 23    XL:     11   Next: 32%
Magic:  17/18      EV:  8    Int:  8    God:    Beogh [****..]
Gold:   494        SH:  0    Dex: 14    Spells: 10/10 levels left

rFire    + . .     SeeInvis .   a - +1 war axe
rCold    + + .     Gourm    .   o - +0 plate armour
rNeg     . . .     Faith    .   (no shield)
rPois    .         Spirit   .   F - +0 helmet
rElec    .         Reflect  .   (no cloak)
rCorr    .         Harm     .   p - +1 pair of gloves
MR       .....                  b - +0 pair of boots
Stlth    ..........             (no amulet)
Regen    0.3/turn               l - ring of protection from fire
MPRegen  0.2/turn               E - ring of Eceus {rC+ Dex+2}

@: no status effects
A: cold resistance 1, strong 1
a: Smiting, Recall Orcish Followers, Renounce Religion


You were on level 10 of the Dungeon.
You worshipped Beogh.
Beogh was greatly pleased with you.
You were not hungry.

You visited 1 branch of the dungeon, and saw 10 of its levels.

You collected 494 gold pieces.

Inventory:

Hand Weapons
 a - a +1 war axe (weapon)
 s - a +1 hand axe of flaming
Missiles
 d - 4 throwing nets (quivered)
 i - 7 tomahawks
 C - 8 javelins
Armour
 b - a +0 pair of boots (worn)
 o - a +0 plate armour (worn)
 p - a +1 pair of gloves (worn)
 y - a +2 leather armour of poison resistance
 F - a +0 helmet (worn)
Jewellery
 l - a ring of protection from fire (right hand)
 r - an uncursed ring of protection from cold
 E - the ring of Eceus (left hand) {rC+ Dex+2}
   (You found it on level 9 of the Dungeon)

   [ring of protection from cold]

   It affects your dexterity (+2).
   It protects you from cold.
Wands
 m - a wand of iceblast (0/15)
 u - a wand of disintegration (9/24)
 x - a wand of polymorph (8/24)
 B - a wand of paralysis (0/24)
Scrolls
 h - 4 scrolls of identify
 v - 3 scrolls of amnesia
 z - a scroll of teleportation
 D - a scroll of magic mapping
Potions
 c - a potion of magic {unknown}
 e - a potion of ambrosia
 g - 2 potions of resistance
 j - 2 potions of flight
 n - 2 potions of mutation
 w - a potion of curing
Comestibles
 f - 7 bread rations
 k - 2 meat rations
 q - 15 royal jellies
 t - 21 chunks of flesh
 A - 9 fruits


   Skills:
 + Level 7.8 Fighting
 - Level 16.0 Axes
 - Level 1.7 Throwing
 + Level 6.6 Armour
 - Level 2.4 Dodging
 + Level 10.0 Invocations


You had 10 spell levels left.
You didn't know any spells.

Dungeon Overview and Level Annotations

Branches:
Dungeon (10/15)            Temple (0/1) D:5
   Lair: D:8-11         Orc: D:9-12

Altars:
Hepliaklqana
Okawaru
Ru
Sif Muna
Uskayaw
Vehumet
Wu Jian
The Shining One

Annotations:
D:6 Prince Ribbit
D:8 Maurice


Innate Abilities, Weirdness & Mutations

Your flesh is cold resistant. (rC+)
Your muscles are strong. (Str +2)


Message History

The orc priest hits Bogdan but does no damage.
Something closely misses your orc warrior.
Your orc hits the orc warrior but does no damage.
Your orc hits the orc warrior from afar with a trident.
Your orc hits the orc warrior but does no damage.
Unknown command.
The orc warrior misses Bogdan.
Bogdan misses the orc warrior.
The orc priest invokes the aid of Beogh against you.
Beogh smites you!
* * * LOW HITPOINT WARNING * * *
Your orc warrior closely misses something.
Your orc warrior closely misses the crimson imp.
Your orc barely misses something.
Your orc barely misses the orc warrior.
Your orc hits the crimson imp with a hand axe.
Your orc hits the orc warrior but does no damage. x2
The orc warrior barely misses Bogdan.
The orc priest mumbles some strange prayers to Beogh against you.
Beogh smites you!
You die...
Beogh appreciates the orc priest's killing of a heretic priest. ..o....█ █oo(o█...█.....█ █.█.... ..[....█ █o████...█.███.█ █.█...) .......█ █.████████.███.█ █.█.... .......█ █...o...██..██.█ █.█.... .......█ ███████.███.██.█ █.█.... ████████ █.█ █.██.█ █.█.... █.█ █o██.███.█oooo

███████.█ █..█.....o...o
████......@████o█████.█.███
█.....ooo.....█.o..o..█...█
█..?.oo)o.5...█.o..█..███.█
█....oo.o.....█..o.█..██...
█....o...o...)+...██..██...
█.............█.█.██..██...
█.............█.█..█..██.o.
█.............█.██.█<.██..█
█.............█.....█.██ooo


You could see an orc warrior, an orc priest, a crimson imp, the friendly Bogdan
the orc knight, 2 friendly orc warriors, a friendly orc priest and 5 friendly
orcs.

Vanquished Creatures
  The ghost of nht the Quickloader, a novice HOHu of Okawaru (D:8)
  An unseen horror (D:10)
  A hornet (D:8)
  A hippogriff (D:10)
  5 yaks (D:10)
  A wraith (D:10)
  2 humans (D:8)
  Eustachio (D:5)
  Grum (D:8)
  Menkaure (D:6)
  3 hungry ghosts
  The ghost of Gorglomux the Shield-Bearer, an amateur OpTm (D:4)
  2 soldier ants (D:9)
  2 sky beasts
  2 ice beasts
  2 orc warriors
  3 phantoms
  2 ogres
  4 wolves (D:8)
  A centaur (D:6)
  7 bullfrogs
  2 big kobolds
  2 scorpions
  A water moccasin skeleton (D:8)
  3 wights (D:4)
  3 howler monkeys
  5 crimson imps
  4 jellies
  A quasit (D:10)
  4 hounds
  A bullfrog skeleton (D:8)
  A bullfrog zombie (D:10)
  4 orc priests
  2 gnoll shamans
  9 orc wizards
  An iguana (D:9)
  Terence (D:2)
  10 worker ants
  A hound zombie (D:9)
  3 hound skeletons
  23 gnolls
  A howler monkey skeleton (D:7)
  13 adders
  A shadow imp (D:10)
  2 oozes
  2 adder zombies (D:5)
  3 adder skeletons
  2 worms
  2 dart slugs (D:1)
  7 leopard geckos
  38 orcs
  11 bats
  7 giant cockroaches
  6 goblins
  9 hobgoblins
  6 quokkas
  2 ball pythons
  6 frilled lizards
  16 kobolds
  3 quokka skeletons
  11 rats
273 creatures vanquished.

Vanquished Creatures (collateral kills)
  A two-headed ogre (D:10)
  A hippogriff (D:9)
  A hornet zombie (D:9)
  2 centaurs (D:9)
  A bullfrog (D:10)
  3 orc wizards
  A worker ant (D:8)
  3 gnolls (D:9)
13 creatures vanquished.

Vanquished Creatures (others)
  A hornet zombie (D:9)
  4 orcs
5 creatures vanquished.

Grand Total: 291 creatures vanquished

Notes
Turn   | Place    | Note
-------+----------+-------------------------------------------
     0 | D:1      | nht the Hill Orc Gladiator began the quest for the Orb.
     0 | D:1      | Reached XP level 1. HP: 18/18 MP: 1/1
    30 | D:1      | Reached XP level 2. HP: 23/25 MP: 2/2
   135 | D:1      | Reached skill level 5 in Axes
   206 | D:1      | Reached XP level 3. HP: 21/30 MP: 3/3
   587 | D:2      | Reached skill level 6 in Axes
   640 | D:2      | Found a radiant altar of Vehumet.
   847 | D:2      | Reached XP level 4. HP: 37/37 MP: 4/4
   879 | D:2      | Reached skill level 7 in Axes
  1092 | D:2      | Reached XP level 5. HP: 34/42 MP: 5/5
  1104 | D:2      | Noticed Terence
  1114 | D:2      | Killed Terence
  1317 | D:3      | Reached skill level 8 in Axes
  1528 | D:3      | Reached XP level 6. HP: 48/50 MP: 6/6
  1755 | D:3      | Found a deep blue altar of Sif Muna.
  1799 | D:4      | Noticed Gorglomux's ghost (amateur OpTm)
  1812 | D:4      | Reached skill level 9 in Axes
  1849 | D:4      | Killed Gorglomux's ghost
  1849 | D:4      | Reached skill level 10 in Axes
  1849 | D:4      | Reached XP level 7. HP: 25/56 MP: 7/7
  1979 | D:4      | Reached skill level 11 in Axes
  2154 | D:4      | Became a worshipper of Beogh the Brigand
  2512 | D:4      | Found a sacrificial altar of Ru.
  2528 | D:4      | Reached XP level 8. HP: 58/62 MP: 8/8
  2544 | D:4      | Reached skill level 12 in Axes
  2872 | D:5      | Entered Level 5 of the Dungeon
  2970 | D:5      | Found a staircase to the Ecumenical Temple.
  2990 | D:5      | Noticed Eustachio
  3012 | D:5      | Killed Eustachio
  3012 | D:5      | Reached skill level 13 in Axes
  3266 | D:5      | Reached * piety under Beogh
  3433 | D:5      | Found a glowing golden altar of the Shining One.
  3569 | D:6      | Noticed Menkaure
  3577 | D:6      | Killed Menkaure
  3577 | D:6      | Reached skill level 14 in Axes
  3579 | D:6      | Reached XP level 9. HP: 29/68 MP: 9/9
  4015 | D:6      | Reached skill level 15 in Axes
  4018 | D:6      | Reached skill level 1 in Invocations
  4249 | D:6      | Noticed Prince Ribbit
  4252 | D:6      | Gained mutation: Your flesh is cold resistant. (rC+) [potion of mutation]
  4252 | D:6      | Gained mutation: Your muscles are strong. (Str +2) [potion of mutation]
  4567 | D:7      | Reached ** piety under Beogh
  5099 | D:7      | Reached skill level 5 in Invocations
  5396 | D:8      | Reached skill level 16 in Axes
  5478 | D:8      | Reached skill level 1 in Armour
  5478 | D:8      | Reached XP level 10. HP: 58/75 MP: 14/14
  5523 | D:8      | Noticed Grum
  5537 | D:8      | Reached *** piety under Beogh
  5541 | D:8      | Killed Grum
  5605 | D:8      | Noticed nht's ghost (novice HOHu)
  5966 | D:8      | Killed nht's ghost
  5971 | D:8      | Found an iron altar of Okawaru.
  6208 | D:8      | Noticed Maurice
  6212 | D:8      | Reached skill level 5 in Fighting
  6842 | D:8      | Found an ornate altar of the Wu Jian Council.
  6891 | D:9      | Found a hazy altar of Hepliaklqana.
  6964 | D:9      | Found a hide-covered altar of Uskayaw.
  7014 | D:9      | Got a clouded glass ring
  7052 | D:9      | Reached skill level 5 in Armour
  7328 | D:9      | Found a sacrificial altar of Ru.
  7365 | D:9      | Reached **** piety under Beogh
  7551 | D:9      | Reached XP level 11. HP: 69/91 MP: 17/17
  7678 | D:9      | Identified the ring of Eceus {rC+ Dex+2} (You found it on level 9 of the Dungeon)
  7752 | D:10     | Entered Level 10 of the Dungeon
  7991 | D:10     | Killed an unseen horror
  8021 | D:10     | Noticed a two-headed ogre
  8029 | D:10     | Killed a two-headed ogre
  8103 | D:10     | Reached skill level 10 in Invocations
  8107 | D:10     | Gained Bogdan as an ally
  8136 | D:10     | HP: 2/94 [orc priest/divine providence (11)]
  8137 | D:10     | Killed from afar by an orc priest

Vault maps used:
D:1:      grunt_arrival_crossed_arrows, minmay_curled_crystal
D:2:      old_standard_altar, first_bread, uniq_terence
D:3:      led_sif_pool
D:4:      nicolae_ru_awakened_eye
D:5:      lemuel_round_altar, minmay_temple_entry_large_hall, uniq_eustachio
D:6:      minivault_26, uniq_prince_ribbit1, uniq_menkaure
D:7:      lemuel_doored_altar, basic_altar
D:8:      kennysheep_mini_moat, okawaru_humans, uniq_grum, uniq_maurice
D:9:      nicolae_overflow_crystal_walls, lemuel_round_altar,
          old_standard_altar, hangedman_pestilent_swarm

Skill      XL: |  1  2  3  4  5  6  7  8  9 10 11 |
---------------+----------------------------------+-----
Axes           | 5 6 7 8 10 11 14 16 | 16.0
Invocations    | 6 9 10 | 10.0
Armour         | 1 5 6 |  6.6
Fighting       | 6 7 |  7.8
Throwing       | |  1.7
Dodging        | |  2.4

Action                   |  1- 3 |  4- 6 |  7- 9 | 10-12 || total
-------------------------+-------+-------+-------+-------++-------
Melee: War axe           |    89 |   182 |   467 |   310 ||  1048
       Unarmed           |       |       |     8 |       ||     8
Invok: Convert to Beogh  |       |       |     1 |       ||     1
       Recall Orcish Fol |       |       |       |     2 ||     2
       Smiting           |       |       |       |     1 ||     1
Evoke: Wand              |       |       |     6 |     8 ||    14
  Use: Potion            |       |     2 |     4 |     1 ||     7
       Scroll            |       |     1 |    10 |     4 ||    15
 Stab: Paralysed         |       |       |       |     2 ||     2
  Eat: Chunk             |       |     3 |    18 |    10 ||    31
       Meat ration       |       |       |     1 |       ||     1
       Fruit             |       |       |     1 |       ||     1
Armor: Leather armour    |    18 |       |       |       ||    18
       Scale mail        |    23 |       |       |       ||    23
       Plate armour      |     1 |   189 |   261 |   169 ||   620
Dodge: Dodged            |    61 |    69 |   139 |    92 ||   361
